 Dungeon Crawl Stone Soup version 0.30.1-11-g7821555f0a (webtiles) character file.

Game seed: 14421332688616956591

190 SacredBeard the Grave Robber (level 5, -3/38 HPs)
             Began as a Demonspawn Necromancer on Nov 27, 2023.
             Slain by a steam dragon (7 damage)
             ... on level 4 of the Dungeon.
             The game lasted 00:06:24 (4374 turns).

SacredBeard the Grave Robber (DsNe)                 Turns: 4374, Time: 00:06:25

Health: -3/38      AC:  3    Str:  9    XL:     5   Next: 41%
Magic:  3/8        EV: 12    Int: 18    God:
Gold:   110        SH:  0    Dex: 13    Spells: 7/8 levels left

rFire   . . .        j - +0 short sword
rCold   + . .        (no shield)
rNeg    . . .        a - +0 robe
rPois   +            (helmet unavailable)
rElec   .            v - +0 cloak
rCorr   .            (no gloves)
SInv    +            (no boots)
Will    .....        i - amulet of the acrobat
Stlth   ++           c - ring of poison resistance
HPRegen 0.26/turn    h - ring of protection from cold
MPRegen 0.11/turn

%: acrobat
@: no status effects
A: antennae 3, demonic guardian 1
a: no special abilities


You were on level 4 of the Dungeon.
You visited 1 branch of the dungeon, and saw 4 of its levels.

You collected 110 gold pieces.

Inventory:

Hand Weapons
 j - a +0 short sword (weapon)
 x - a +0 spear
Missiles
 d - 7 poisoned darts
 e - 30 stones
Armour
 a - a +0 robe (worn)
 v - a +0 cloak (worn)
 z - the +0 chain mail "Hamm" {*Slow Int+8 SInv}
   (You found it on level 3 of the Dungeon)

   Int:       It affects your intelligence (+8).
   SInv:      It lets you see invisible.
   *Slow:     It may slow you when you take damage.
 F - a +0 chain mail of poison resistance
Jewellery
 c - a ring of poison resistance (left hand)
 h - a ring of protection from cold (right hand)
 i - an amulet of the acrobat (around neck)
Wands
 w - a wand of charming (13)
 D - a wand of digging (3)
Scrolls
 f - a scroll of amnesia {unknown}
 g - 3 scrolls of identify {unknown}
 l - a scroll of enchant armour {unknown}
 m - a scroll of blinking {unknown}
 n - a scroll of poison {unknown}
 r - a scroll of silence {unknown}
 y - 2 scrolls of teleportation {unknown}
 A - a scroll of butterflies {unknown}
 B - a scroll of noise {unknown}
 E - a scroll of enchant weapon {unknown}
Potions
 b - 2 potions of magic
 k - a potion of resistance {unknown}
 o - a potion of haste {unknown}
 p - a potion of brilliance {unknown}
 q - a potion of lignification {unknown}
 s - a potion of degeneration {unknown}
 t - 2 potions of curing {unknown}
 u - a potion of heal wounds {unknown}
 C - a potion of might {unknown}


   Skills:
 + Level 1.7 Fighting
 + Level 1.3 Throwing
 + Level 1.4 Armour
 - Level 2.0 Dodging
 + Level 2.5 Stealth
 - Level 2.0 Spellcasting
 * Level 5.4 Necromancy
 + Level 1.8 Evocations


You had 7 spell levels left.
You knew the following spells:

 Your Spells              Type           Power      Damage    Failure   Level
a - Necrotise             Necr           84%        1d8       1%          1

Your spell library contained the following spells:

 Spells                   Type           Power      Damage    Failure   Level
 Vampiric Draining        Necr           21%        2d7       6%          3
 Shock                    Conj/Air       4%         1d3       19%         1
 Animate Dead             Necr           21%        N/A       19%         4
 Swiftness                Air            1%         N/A       47%         3
 Agony                    Necr           21%        N/A       47%         5
 Airstrike                Air            0%         2d(1-17)  87%         4


Dungeon Overview and Level Annotations

Branches:
Dungeon (4/15) Zot: 19628
 Temple: D:4-7

Altars:
Trog
Wu Jian

Annotations:
D:2 1 runed translucent door, Crazy Yiuf


Innate Abilities, Weirdness & Mutations

You have a pair of large antennae on your head. (SInv)
A weak demonic guardian rushes to your aid.


Message History

The kobold barely misses your hobgoblin skeleton.
You see here 6 gold pieces.
You can't see any susceptible monsters within range! (Use Z to cast anyway.)
You can't see any susceptible monsters within range! (Use Z to cast anyway.)
You can't see any susceptible monsters within range! (Use Z to cast anyway.)
You can't see any susceptible monsters within range! (Use Z to cast anyway.)
You swap places.
The kobold barely misses you.
The kobold writhes in agony.
The kobold misses you.
The kobold writhes in agony.
You kill the kobold!
You can't see any susceptible monsters within range! (Use Z to cast anyway.)
You can't see any susceptible monsters within range! (Use Z to cast anyway.)
Your kobold skeleton crumbles into dust!
Your hobgoblin skeleton crumbles into dust!
You now have 110 gold pieces (gained 6).
Found a robe.
Found a dagger.
You see here a +0 robe.
A steam dragon comes into view.
A steam dragon is nearby!
The steam dragon hisses angrily.
The steam dragon barely resists.
The steam dragon barely resists.
The steam dragon barely misses you. The steam dragon misses you.
The steam dragon barely resists.
The steam dragon barely misses you. x2
The steam dragon barely resists.
The steam dragon bites you. The steam dragon claws you.
The steam dragon writhes in agony.
The steam dragon breathes steam at you. The ball of steam hits you!!
Ouch! That really hurt!
* * * LOW HITPOINT WARNING * * *
A demonic guardian appears!
You are too injured to fight recklessly!
You are too injured to fight recklessly!
You are too injured to fight recklessly!
Unknown command.
The steam dragon attacks as you move away!
The steam dragon bites you!
You die...

###.##.>##
..
#...#..#
#.#
#.#.#.#
###.#.#
#...#
##..## #
#[5## ....
#.## ####
#@# #
#.D...# #
#)###.#
... ...
.....
.....
.......


You could see a steam dragon (catching breath, ally target) and a friendly
ufetubus (summoned).

Vanquished Creatures
  Ijyb (D:3)
  An orc wizard (D:4)
  3 gnolls (D:3)
  2 adders
  2 worms
  3 dart slugs (D:1)
  5 orcs
  10 ball pythons
  6 bats
  6 endoplasms
  3 giant cockroaches (D:2)
  3 goblins
  4 hobgoblins
  2 jackals (D:1)
  5 quokkas
  4 frilled lizards
  7 kobolds
  9 rats
76 creatures vanquished.

Notes
Turn   | Place    | Note
-------+----------+-------------------------------------------
     0 | D:1      | SacredBeard the Demonspawn Necromancer began the quest for
                  | the Orb.
     0 | D:1      | Reached XP level 1. HP: 13/13 MP: 3/3
   253 | D:1      | Discovered your monstrous ancestry.
   253 | D:1      | Gained mutation: You have a pair of small antennae on your
                  | head. [demonic ancestry]
   253 | D:1      | Reached XP level 2. HP: 19/19 MP: 3/5
   968 | D:1      | Gained mutation: You have a pair of antennae on your head.
                  | [demonic ancestry]
   968 | D:1      | Reached XP level 3. HP: 25/25 MP: 0/6
  1311 | D:1      | Reached skill level 1 in Evocations
  1691 | D:2      | Found a bloodstained altar of Trog.
  1720 | D:2      | Reached skill level 1 in Fighting
  2260 | D:2      | Gained mutation: A weak demonic guardian rushes to your
                  | aid. [demonic ancestry]
  2260 | D:2      | Reached XP level 4. HP: 32/32 MP: 3/7
  2677 | D:2      | Found a runed translucent door.
  2678 | D:2      | Noticed Crazy Yiuf
  3136 | D:3      | Found a bloodstained altar of Trog.
  3214 | D:3      | Reached skill level 5 in Necromancy
  3285 | D:3      | Found an ornate altar of the Wu Jian Council.
  3292 | D:3      | Noticed Ijyb
  3301 | D:3      | Killed Ijyb
  3302 | D:3      | Reached skill level 1 in Armour
  3377 | D:3      | Reached skill level 1 in Throwing
  3530 | D:3      | Identified the +0 chain mail "Hamm" {*Slow Int+8 SInv}
  3686 | D:3      | Gained mutation: You have a pair of large antennae on your
                  | head. (SInv) [demonic ancestry]
  3686 | D:3      | Reached XP level 5. HP: 37/37 MP: 3/8
  4368 | D:4      | Noticed a steam dragon
  4374 | D:4      | Slain by a steam dragon

Illustrated notes

Levels and vault maps discovered:
D:1:      lightli_arrival_maybe_door_vault, layout_loops_corners
D:2:      layout_basic, basic_altar, minmay_increasing_density,
          uniq_crazy_yiuf_cottage
D:3:      layout_basic, nicolae_overflow_hidden_temple,
          mainiacjoe_overflow_surrounded_room, mainiacjoe_overflow_two_lobes,
          uniq_ijyb
D:4:      layout_rooms, mainiacjoe_overflow_concentric_impassable,
          nemelex_diamond_rough_becter, minmay_misc_feat_square,
          grunt_ministairs_9

Skill      XL: |  1  2  3  4 |
---------------+-------------+-----
Stealth        | 2 |  2.5
Dodging        | 2 |  2.0
Evocations     | 1 |  1.8
Fighting       | 1 |  1.7
Necromancy     | 5 |  5.4
Armour         | 1 |  1.4
Throwing       | 1 |  1.3
Spellcasting   | |  2.0

Action                     |  1- 3 |  4- 6 || total
---------------------------+-------+-------++-------
  Melee: Dagger            |     2 |       ||     2
         Short sword       |       |    12 ||    12
   Cast: Necrotise         |    95 |    80 ||   175
 Armour: Robe              |     5 |     1 ||     6
  Dodge: Dodged            |    19 |    12 ||    31
